 Dungeon Crawl Stone Soup version 0.29-a0-11-ga75d3d97ab (webtiles) character file.

Game seed: 8666034893118887440

1773 enile the Charlatan (level 9, -12/65 HPs)
             Began as a Gnoll Wanderer on Jan 28, 2022.
             Was an Elder of Jiyva.
             Mangled by a phantasmal warrior (29 damage)
             ... led by a death knight
             ... on level 7 of the Dungeon.
             The game lasted 00:09:28 (5193 turns).

enile the Charlatan (Gnoll Wanderer)                Turns: 5193, Time: 00:09:28

Health: -12/65     AC: 16    Str: 17    XL:     9   Next: 7%
Magic:  5/5        EV:  7    Int:  5    God:    Jiyva [****..]
Gold:   173        SH:  0    Dex: 17    Spells: 16/17 levels left

rFire   . . .      SeeInvis .   u - +0 halberd (antimagic)
rCold   + + .      Faith    .   (shield currently unavailable)
rNeg    . . .      Spirit   .   h - +0 plate armour
rPois   .          Reflect  .   n - +3 helmet "Lukeihiph" {rElec rC++ Int-4}
rElec   +          Harm     .   (no cloak)
rCorr   +          Rampage  .   (no gloves)
Will    .....                   (no boots)
Stlth   ..........              (no amulet)
HPRegen 1.48/turn               w - ring of willpower
MPRegen 0.49/turn               (no ring)

@: weak-willed
A: fangs 1, strong nose, distributed training, hooves 1, agile 2, shaggy fur 1,
acidic bite
a: Renounce Religion, Oozemancy, Slimify


You were on level 7 of the Dungeon.
You worshipped Jiyva.
Jiyva was greatly pleased with you.
You visited 1 branch of the dungeon, and saw 7 of its levels.

You collected 173 gold pieces.

Inventory:

Hand Weapons
 a - a +0 dagger
 f - a +3 dagger of venom
 u - a +0 antimagic halberd (weapon)
Armour
 b - a +0 pair of boots
 c - a +0 leather armour
 h - a +0 plate armour (worn)
 n - the +3 helmet "Lukeihiph" (worn) {rElec rC++ Int-4}
   (You found it on level 2 of the Dungeon)

   Int:       It affects your intelligence (-4).
   rC:        It greatly protects you from cold.
   rElec:     It insulates you from electricity.
Jewellery
 w - a ring of willpower (left hand)
Wands
 l - a wand of mindburst (8)
 v - a wand of acid (6)
Scrolls
 j - 3 scrolls of identify
 p - a scroll of fog
Potions
 e - a potion of haste {unknown}
 g - a potion of curing {unknown}
 i - a potion of lignification {unknown}
 k - 3 potions of heal wounds {unknown}
 m - a potion of might {unknown}
 o - a potion of mutation {unknown}
 r - a potion of brilliance {unknown}
 t - a potion of flight {unknown}
Miscellaneous
 d - a phantom mirror


   Skills:
 + Level 3.9 Fighting
 + Level 3.9 Short Blades
 + Level 3.9 Long Blades
 + Level 3.9 Axes
 + Level 3.9 Maces & Flails
 + Level 3.9 Polearms
 + Level 3.9 Staves
 + Level 3.9 Slings
 + Level 3.9 Bows
 + Level 3.9 Crossbows
 + Level 3.9 Throwing
 + Level 3.9 Armour
 + Level 6.1 Dodging
 + Level 4.6 Stealth
 + Level 3.9 Shields
 + Level 3.9 Unarmed Combat
 + Level 4.8 Spellcasting
 + Level 6.4 Conjurations
 + Level 3.2 Hexes
 + Level 3.2 Summonings
 + Level 3.2 Necromancy
 + Level 3.2 Translocations
 + Level 3.2 Transmutations
 + Level 3.2 Fire Magic
 + Level 3.2 Ice Magic
 + Level 3.2 Air Magic
 + Level 3.2 Earth Magic
 + Level 3.2 Poison Magic
 + Level 4.2 Invocations
 + Level 7.7 Evocations


You had 16 spell levels left.
You knew the following spells:

 Your Spells              Type           Power      Damage    Failure   Level
a - Foxfire               Conj/Fire      24%        2x1d5     91%         1

Your spell library contained the following spells:

 Spells                   Type           Power      Damage    Failure   Level
 Dazzling Flash           Conj/Hex       12%        N/A       99%         3
 Gell's Gravitas          Tloc           4%         N/A       100%        3
 Lesser Beckoning         Tloc           4%         N/A       100%        3
 Teleport Other           Tloc           4%         N/A       100%        3
 Summon Forest            Summ/Tloc      2%         N/A       100%        5
 Summon Mana Viper        Hex/Summ       4%         N/A       100%        5
 Summon Cactus Giant      Summ           2%         N/A       100%        6


Dungeon Overview and Level Annotations

Branches:
Dungeon (7/15)             Temple (0/1) D:6

Altars:
Ru
Jiyva

Shops:
D:6 [


Innate Abilities, Weirdness & Mutations

You have very sharp teeth.
Your uncanny sense of smell can sniff out nearby items.
Your experience applies equally to all skills.
You have large cloven feet.
You are very agile. (Dex +4)
You are covered in fur. (AC +1)
You have acidic saliva.


Message History

You see here 22 arrows.
Found a stone staircase leading down.
A wraith comes into view.
A wraith, a phantasmal warrior and 3 wights come into view.
The phantasmal warrior gestures at you.
The phantasmal warrior blinks!
You reach to attack!
You hit the phantasmal warrior but do no damage.
The phantasmal warrior gestures at you.
The phantasmal warrior blinks!
The phantasmal warrior gestures at you.
The phantasmal warrior blinks!
You reach to attack!
You puncture the wraith!
The wraith is moderately damaged.
You hit the wraith but do no damage.
The wraith is moderately damaged.
The wight hits you but does no damage. The phantasmal warrior gestures at you.
The phantasmal warrior blinks!
The wraith hits you. The phantasmal warrior gestures at you.
The phantasmal warrior blinks!
The phantasmal warrior hits you!
The phantasmal warrior hits you but does no damage.
The phantasmal warrior gestures at you.
The phantasmal warrior blinks!
The phantasmal warrior hits you!!
You slash the wraith! You kick the wraith.
The wraith is severely damaged.
The phantasmal warrior barely misses you.
The wraith hits you. The phantasmal warrior hits you.
You barely miss the phantasmal warrior.
You kick the phantasmal warrior, but do no damage.
The wraith barely misses you. The phantasmal warrior hits you!!
* * * LOW HITPOINT WARNING * * *
Your willpower is stripped away!
Okay, then.
As you read the scroll labelled JUKOWK QIUQ, it crumbles to dust.
Magic quickly surges around you.
It was a scroll of vulnerability.
The wraith closely misses you. The phantasmal warrior hits you!!
You die...

#....# ##....#
##.z.#########...
#.......#.......#
####.............###
#......#..z.......#
#.....##.#z......##
##...###z#W##....#
###.####.W@#.....#
#...###..........#
##...#.#......##..##
#............###...####.
##..#...#...............
#####.##.##............
#...................
##................... #.
##...................#
##.


You could see a phantasmal warrior (weak-willed), a wraith (weak-willed) and 3
wights.

Vanquished Creatures
  2 water moccasins
  2 ice beasts
  An ogre (D:5)
  2 lemures
  A centaur (D:6)
  A bullfrog (D:6)
  5 scorpions
  A water moccasin skeleton (D:7)
  6 killer bees (D:5)
  A howler monkey (D:6)
  A centaur zombie (D:5)
  A centaur skeleton (D:6)
  A gnoll shaman (D:6)
  2 orc priests (D:5)
  Ijyb (D:5)
  2 orc wizards
  An adder (D:2)
  15 gnolls
  3 white imps
  2 worms (D:2)
  4 dart slugs
  10 orcs
  4 endoplasms (D:1)
  3 giant cockroaches
  6 goblins
  7 hobgoblins
  12 jackals
  4 quokkas
  6 ball pythons
  4 bats
  6 frilled lizards
  6 kobolds
  4 rats
127 creatures vanquished.

Vanquished Creatures (others)
  A bullfrog zombie (D:5)
  A hound (D:5)
  A jelly (D:5)
  4 gnolls
  An adder (D:6)
  An ufetubus (D:4)
  An adder zombie (D:5)
  4 orcs (D:4)
  An endoplasm (D:3)
  4 jackals
  10 foxfires (D:1)
29 creatures vanquished.

Grand Total: 156 creatures vanquished

Notes
Turn   | Place    | Note
-------+----------+-------------------------------------------
     0 | D:1      | enile the Gnoll Wanderer began the quest for the Orb.
     0 | D:1      | enile set off with the following items: a +0 dagger, a +0
                  | pair of boots, a +0 leather armour, a phantom mirror; and
                  | the following spell memorised: Foxfire; and the following
                  | spells available to memorise: Dazzling Flash
     0 | D:1      | Reached XP level 1. HP: 13/13 MP: 4/4
   128 | D:1      | Reached XP level 2. HP: 19/19 MP: 5/5
   608 | D:1      | Reached XP level 3. HP: 25/25 MP: 7/7
   918 | D:1      | Found a faded altar of an unknown god.
  1015 | D:1      | Prayed at the altar of an unknown god.
  1015 | D:1      | Became a worshipper of Jiyva Juummof the Shapeless
  1015 | D:1      | Reached * piety under Jiyva
  1195 | D:2      | Reached skill level 1 in Invocations
  1284 | D:2      | Reached skill level 1 in Fighting
  1284 | D:2      | Reached skill level 1 in Short Blades
  1284 | D:2      | Reached skill level 1 in Long Blades
  1284 | D:2      | Reached skill level 1 in Axes
  1284 | D:2      | Reached skill level 1 in Maces & Flails
  1284 | D:2      | Reached skill level 1 in Polearms
  1284 | D:2      | Reached skill level 1 in Staves
  1284 | D:2      | Reached skill level 1 in Slings
  1284 | D:2      | Reached skill level 1 in Bows
  1284 | D:2      | Reached skill level 1 in Crossbows
  1284 | D:2      | Reached skill level 1 in Throwing
  1284 | D:2      | Reached skill level 1 in Armour
  1284 | D:2      | Reached skill level 1 in Shields
  1284 | D:2      | Reached skill level 1 in Unarmed Combat
  1349 | D:2      | Reached XP level 4. HP: 27/32 MP: 8/8
  1430 | D:2      | Identified the +3 helmet "Lukeihiph" {rElec rC++ Int-4}
  1690 | D:2      | Reached ** piety under Jiyva
  2041 | D:3      | Reached skill level 1 in Hexes
  2041 | D:3      | Reached skill level 1 in Summonings
  2041 | D:3      | Reached skill level 1 in Necromancy
  2041 | D:3      | Reached skill level 1 in Translocations
  2041 | D:3      | Reached skill level 1 in Transmutations
  2041 | D:3      | Reached skill level 1 in Fire Magic
  2041 | D:3      | Reached skill level 1 in Ice Magic
  2041 | D:3      | Reached skill level 1 in Air Magic
  2041 | D:3      | Reached skill level 1 in Earth Magic
  2041 | D:3      | Reached skill level 1 in Poison Magic
  2558 | D:4      | Reached *** piety under Jiyva
  2646 | D:4      | Gained mutation: You have acidic saliva. [Jiyva's grace]
  2646 | D:4      | Gained mutation: You are agile. (Dex +2) [Jiyva's grace]
  2646 | D:4      | Gained mutation: You are very agile. (Dex +4) [Jiyva's
                  | grace]
  2646 | D:4      | Gained mutation: You are covered in fur. (AC +1) [Jiyva's
                  | grace]
  2677 | D:4      | Noticed a scorpion
  2685 | D:4      | Killed a scorpion
  2686 | D:4      | Reached XP level 5. HP: 37/37 MP: 9/9
  3282 | D:5      | Entered Level 5 of the Dungeon
  3375 | D:5      | Reached **** piety under Jiyva
  3395 | D:5      | Noticed a water moccasin
  3407 | D:5      | Killed a water moccasin
  3408 | D:5      | Reached XP level 6. HP: 44/44 MP: 9/11
  3423 | D:5      | Reached skill level 5 in Dodging
  3424 | D:5      | Reached XP level 7. HP: 23/50 MP: 9/12
  3426 | D:5      | Reached skill level 7 in Evocations
  3540 | D:5      | Noticed Ijyb
  3553 | D:5      | Killed Ijyb
  3915 | D:5      | Reached XP level 8. HP: 57/57 MP: 14/14
  4250 | D:6      | Found a sacrificial altar of Ru.
  4261 | D:6      | Gained mutation: You have sharp toenails. [Jiyva's grace]
  4261 | D:6      | Gained mutation: You have razor-sharp toenails. [Jiyva's
                  | grace]
  4261 | D:6      | Gained mutation: You have claws for feet. [Jiyva's grace]
  4261 | D:6      | Lost mutation: You have claws for feet. [Jiyva's grace]
  4261 | D:6      | Lost mutation: You have razor-sharp toenails. [Jiyva's
                  | grace]
  4261 | D:6      | Lost mutation: You have sharp toenails. [Jiyva's grace]
  4261 | D:6      | Gained mutation: You have large cloven feet. [Jiyva's
                  | grace]
  4290 | D:6      | Found a staircase to the Ecumenical Temple.
  4517 | D:6      | Found Miruen's Antique Armour Shop.
  4956 | D:7      | Noticed a yak
  4956 | D:7      | Noticed a yak
  4957 | D:7      | Noticed a yak
  4957 | D:7      | Noticed a yak
  4958 | D:7      | Noticed a yak
  4958 | D:7      | Noticed a yak
  5034 | D:7      | Reached XP level 9. HP: 22/65 MP: 5/16
  5180 | D:7      | Noticed a phantasmal warrior
  5193 | D:7      | Mangled by a phantasmal warrior

Illustrated notes

Levels and vault maps discovered:
D:1:      dpeg_arrival_castle, layout_loops_cross,
          chequers_ecumenical_altar_island
D:2:      layout_loops_ring, kennysheep_cross_room
D:3:      layout_loops_ring, kennysheep_generic_room_12
D:4:      layout_basic, wad_orctagon
D:5:      layout_cave_pods, uniq_ijyb
D:6:      layout_loops_cross, nicolae_ru_great_annihilating_truth,
          minmay_temple_entry_mist, serial_shops, shop
D:7:      layout_cave_pools, uniq_pikel

Skill      XL: |  1  2  3  4  5  6  7  8 |
---------------+-------------------------+-----
Invocations    | 1 2 3 4 |  4.2
Fighting       | 1 2 3 |  3.9
Short Blades   | 1 2 3 |  3.9
Long Blades    | 1 2 3 |  3.9
Axes           | 1 2 3 |  3.9
Maces & Flails | 1 2 3 |  3.9
Polearms       | 1 2 3 |  3.9
Staves         | 1 2 3 |  3.9
Slings         | 1 2 3 |  3.9
Bows           | 1 2 3 |  3.9
Crossbows      | 1 2 3 |  3.9
Throwing       | 1 2 3 |  3.9
Armour         | 1 2 3 |  3.9
Shields        | 1 2 3 |  3.9
Unarmed Combat | 1 2 3 |  3.9
Spellcasting   | 3 4 |  4.8
Hexes          | 1 2 3 |  3.2
Summonings     | 1 2 3 |  3.2
Necromancy     | 1 2 3 |  3.2
Translocations | 1 2 3 |  3.2
Transmutations | 1 2 3 |  3.2
Fire Magic     | 1 2 3 |  3.2
Ice Magic      | 1 2 3 |  3.2
Air Magic      | 1 2 3 |  3.2
Earth Magic    | 1 2 3 |  3.2
Poison Magic   | 1 2 3 |  3.2
Stealth        | 3 4 |  4.6
Dodging        | 5 6 |  6.1
Evocations     | 7 |  7.7
Conjurations   | 6 |  6.4

Action                   |  1- 3 |  4- 6 |  7- 9 || total
-------------------------+-------+-------+-------++-------
Melee: Dagger            |    97 |   115 |    62 ||   274
       Bite              |     9 |    12 |    24 ||    45
       Punch             |     2 |       |     1 ||     3
       Halberd           |       |       |   129 ||   129
       Kick              |       |       |    35 ||    35
 Cast: Foxfire           |     6 |       |       ||     6
Invok: Oozemancy         |       |     1 |     1 ||     2
Evoke: Wand              |       |       |     1 ||     1
  Use: Scroll            |       |     2 |     2 ||     4
 Stab: Paralysed         |       |       |     3 ||     3
       Invisible         |       |       |     2 ||     2
Armor: Leather armour    |     2 |       |       ||     2
       Plate armour      |    55 |    95 |   197 ||   347
Dodge: Dodged            |    18 |    18 |    78 ||   114

Table legend: (Time is in decaauts)
 A = Elapsed time spent in this place.
 B = Non-inter-level travel time spent in this place.
 C = Inter-level travel time spent in this place.
 D = Time resting spent in this place.
 E = Time spent auto-exploring this place.
 F = Levels seen in this place.
 G = Mean time per level.
                   A        B        C        D        E       F      G
               +--------+--------+--------+--------+--------+-----+--------+
         Total |   5233 |   5018 |    215 |      0 |   3926 |   7 |  747.6 |
       Dungeon |   5233 |   5018 |    215 |      0 |   3926 |   7 |  747.6 |
               +--------+--------+--------+--------+--------+-----+--------+

Top non-repeatable levels by time:
     D:1: 1165 daAuts
     D:5: 842 daAuts
     D:2: 792 daAuts
     D:6: 772 daAuts
     D:4: 747 daAuts
     D:3: 584 daAuts
     D:7: 329 daAuts
